 Dungeon Crawl Stone Soup version 0.19.1 (webtiles) character file.

1302 Remedyn the Chopper (level 8, -4/63 (64) HPs)
             Began as a Formicid Fighter on Nov 30, 2016.
             Slain by an orc warrior
             ... wielding a +0 hand axe
              (14 damage)
             ... on level 7 of the Dungeon.
             The game lasted 00:16:33 (5413 turns).

Remedyn the Chopper (Formicid Fighter)              Turns: 5413, Time: 00:16:34

HP:   -4/63 (64)    AC:  8    Str: 23    XL:     8   Next: 87%
MP:   8/8           EV:  9    Int:  8    God:
Gold: 302           SH: 10    Dex: 10    Spells: 0 memorised, 7 levels left

rFire  . . .     SeeInvis +     a - +1 war axe
rCold  . . .     Gourm    .     b - +0 scale mail
rNeg   . . .     Faith    .     c - +0 shield
rPois  .         Spirit   .     (helmet unavailable)
rElec  .         Reflect  .     (no cloak)
rCorr  .         Harm     .     (no gloves)
MR     .....                    r - +0 pair of boots
Stlth  ..........               (no amulet)
                                (no ring)
                                (no ring)

@: no status effects
A: permanent stasis, dig shafts and tunnels, four strong arms, antennae 3
a: Dig, Shaft Self


You were on level 7 of the Dungeon.
You were not hungry.

You visited 1 branch of the dungeon, and saw 7 of its levels.

You collected 302 gold pieces.

Inventory:

Hand Weapons
 a - a +1 war axe (weapon)
Armour
 b - a +0 scale mail (worn)
 c - a +0 shield (worn)
 r - a +0 pair of boots (worn)
Jewellery
 e - an uncursed amulet of the gourmand {unknown}
 f - an uncursed ring of stealth {unknown}
 g - an uncursed ring of protection from magic {unknown}
 l - a +1 ring of protection {unknown}
Wands
 w - a wand of digging (11/24)
Scrolls
 h - 6 scrolls of identify
 i - 3 scrolls of teleportation
 o - a scroll of enchant armour {unknown}
 v - 3 scrolls of enchant weapon
 y - 2 scrolls of amnesia
 A - a scroll of blinking {unknown}
 B - a scroll of remove curse
Potions
 d - 2 potions of might
 j - 3 potions of brilliance {unknown}
 k - a potion of heal wounds {unknown}
 m - 2 potions of lignification {unknown}
 n - a potion of agility {unknown}
 p - 2 potions of degeneration {unknown}
 q - 2 potions of cancellation {unknown}
 s - 2 potions of haste {unknown}
 z - a potion of mutation {unknown}
Books
 t - a book of Minor Magic

   Spells                             Type                      Level
   a - Magic Dart                     Conjuration                  1
   b - Blink                          Translocation                2
   c - Call Imp                       Summoning                    2
   d - Repel Missiles                 Charms/Air                   2
   e - Slow                           Hexes                        2
   f - Conjure Flame                  Conjuration/Fire             3
   g - Mephitic Cloud                 Conjuration/Poison/Air       3
Comestibles
 u - a bread ration
 x - 2 slices of pizza


   Skills:
 + Level 5.7 Fighting
 * Level 6.7 Axes
 + Level 5.9 Armour
 + Level 6.6 Shields


You had 7 spell levels left.
You didn't know any spells.

Dungeon Overview and Level Annotations

Branches:
Dungeon (7/15)
 Temple: D:4-7

Altars:
Trog
The Shining One

Annotations:
D:5 Sigmund


Innate Abilities, Weirdness & Mutations

You are under a permanent stasis effect.
You can dig through walls and to a lower floor.
Your four strong arms can wield two-handed weapons with a shield.
You have a pair of large antennae on your head. (SInv)


Message History

The orc warrior is lightly wounded.
You barely miss the orc priest. You hit the orc priest.
The orc priest calls upon Beogh to heal the orc warrior.
The orc warrior's wounds heal themselves!
The orc warrior hits you with a hand axe!
You barely miss the orc warrior. You hit the orc priest.
You hit the orc priest but do no damage.
The orc priest barely misses you. You block the orc priest's attack.
The orc warrior closely misses you.
The orc priest looks encouraged for a moment.
You slash the orc priest!
You kill the orc priest!
You closely miss the orc priest. You barely miss the orc warrior.
The orc priest hits you with a hand axe.
The orc warrior hits you with a hand axe!
* * * LOW HITPOINT WARNING * * *
The orc priest hits you with a hand axe.
* * * LOW HITPOINT WARNING * * *
The orc warrior hits you with a hand axe!
You die...

...
...#########
##.........#
...........
..........#
..........#
......oo).#
.......@..#
..........#
....).....#
..........#
###########


You could see an orc warrior and an orc priest.

Vanquished Creatures
  2 orc warriors (D:6)
  A necrophage (D:7)
  A phantom (D:4)
  2 centaurs
  Blork the orc (D:4)
  A howler monkey (D:4)
  A crimson imp (D:6)
  The ghost of grok76 the Magician, a weakling DEWz (D:3)
  A bullfrog zombie (D:5)
  Crazy Yiuf (D:4)
  An orc priest (D:7)
  A hound (D:6)
  3 orc wizards
  3 worker ants
  A hound skeleton (D:4)
  Robin (D:3)
  12 gnolls
  7 adders
  A worm (D:3)
  5 dart slugs
  3 leopard geckos
  5 orcs
  7 giant cockroaches
  19 goblins
  10 hobgoblins
  13 jackals
  2 quokkas (D:2)
  A ball python (D:4)
  12 bats
  7 frilled lizards
  5 kobolds
  A leopard gecko skeleton (D:4)
  7 rats
139 creatures vanquished.

Notes
Turn   | Place    | Note
-------+----------+-------------------------------------------
     0 | D:1      | Remedyn the Formicid Fighter began the quest for the Orb.
     0 | D:1      | Reached XP level 1. HP: 18/18 MP: 1/1
    68 | D:1      | Reached XP level 2. HP: 24/24 MP: 2/2
   295 | D:1      | Reached XP level 3. HP: 25/29 MP: 3/3
   777 | D:2      | Reached XP level 4. HP: 33/37 MP: 4/4
  1270 | D:2      | Reached XP level 5. HP: 34/42 MP: 5/5
  1641 | D:3      | Noticed Robin
  1836 | D:3      | Killed Robin
  2150 | D:3      | Reached XP level 6. HP: 33/48 MP: 6/6
  2323 | D:3      | Noticed grok76's ghost (weakling DEWz)
  2436 | D:4      | Noticed a phantom
  2484 | D:4      | Killed a phantom
  2689 | D:3      | Killed grok76's ghost
  3316 | D:4      | Reached XP level 7. HP: 54/54 MP: 7/7
  3349 | D:4      | Found a runed door.
  3353 | D:4      | Noticed Crazy Yiuf
  3366 | D:4      | Killed Crazy Yiuf
  3366 | D:4      | Reached skill level 5 in Shields
  3627 | D:4      | Noticed Blork the orc
  3638 | D:4      | Killed Blork the orc
  3638 | D:4      | Reached skill level 5 in Axes
  3638 | D:4      | Reached skill level 5 in Armour
  4163 | D:5      | Entered Level 5 of the Dungeon
  4201 | D:5      | Found a bloodstained altar of Trog.
  4203 | D:5      | Found a glowing golden altar of the Shining One.
  4273 | D:5      | Noticed Sigmund
  4304 | D:5      | You fall through a shaft for 2 floors!
  4324 | D:7      | Reached skill level 5 in Fighting
  4324 | D:7      | Reached XP level 8. HP: 11/61 MP: 8/8
  4571 | D:6      | Found a bloodstained altar of Trog.
  5413 | D:7      | Slain by an orc warrior

Skill      XL: |  1  2  3  4  5  6  7  8 |
---------------+-------------------------+-----
Shields        | 4 5 6 |  6.6
Axes           | 3 4 5 6 |  6.7
Armour         | 4 5 |  5.9
Fighting       | 4 5 |  5.7

Action                   |  1- 3 |  4- 6 |  7- 9 || total
-------------------------+-------+-------+-------++-------
Melee: War axe           |    99 |   240 |   191 ||   530
 Abil: Shaft Self        |       |       |     1 ||     1
  Use: Scroll            |     3 |     2 |     4 ||     9
  Eat: Bread ration      |       |     1 |     2 ||     3
       Meat ration       |       |     1 |       ||     1
Armor: Scale mail        |    59 |   112 |    68 ||   239
Dodge: Dodged            |    47 |    96 |    72 ||   215
Block: Shield            |    51 |   160 |   121 ||   332
